 Dungeon Crawl Stone Soup version 0.26.1 (webtiles) character file.

Game seed: 17334914764053762946

142 KamiKatze the Chiller (level 5, 0/35 HPs)
             Began as a Merfolk Ice Elementalist on Feb 7, 2021.
             Slain by an orc priest
             ... wielding a +0 morningstar
              (9 damage)
             ... on level 4 of the Dungeon.
             The game lasted 00:18:53 (3893 turns).

KamiKatze the Chiller (Merfolk Ice Elementalist)    Turns: 3893, Time: 00:18:54

Health: 0/35       AC:  2    Str: 14    XL:     5   Next: 24%
Magic:  10/10      EV: 13    Int: 16    God:
Gold:   219        SH:  0    Dex: 14    Spells: 3/10 levels left

rFire    . . .     SeeInvis .   b - +0 whip
rCold    . . .     Faith    .   (no shield)
rNeg     . . .     Spirit   .   a - +0 robe
rPois    .         Reflect  .   (no helmet)
rElec    .         Harm     .   (no cloak)
rCorr    +         Rampage  .   (no gloves)
Will     .....                  (no boots)
Stlth    +.........             (no amulet)
HPRegen  0.11/turn              l - +6 ring of strength
MPRegen  0.12/turn              t - ring of resist corrosion

@: confused
A: change form in water, swift swim, stealthy swim
a: no special abilities


You were on level 4 of the Dungeon.
You visited 1 branch of the dungeon, and saw 4 of its levels.

You collected 219 gold pieces.

Inventory:

Hand Weapons
 b - a +0 whip (weapon)
Armour
 a - a +0 robe (worn)
 q - a cursed +0 leather armour
Jewellery
 l - a +6 ring of strength (left hand)
 t - a ring of resist corrosion (right hand)
Wands
 u - a wand of polymorph (8)
Scrolls
 c - 2 scrolls of fog {unknown}
 e - 2 scrolls of teleportation
 h - a scroll of amnesia
 i - a scroll of remove curse
 m - a scroll of magic mapping {unknown}
 n - a scroll of enchant armour {unknown}
 s - a scroll of enchant weapon {unknown}
 v - a scroll of immolation {unknown}
Potions
 d - a potion of brilliance {unknown}
 f - a potion of degeneration {unknown}
 g - a potion of mutation {unknown}
 j - 3 potions of resistance {unknown}
 k - 2 potions of berserk rage {unknown}
 o - 2 potions of might {unknown}
 p - a potion of haste {unknown}
 r - a potion of curing {unknown}


   Skills:
 - Level 3.0 Dodging
 - Level 3.0 Stealth
 * Level 3.4 Spellcasting
 * Level 5.6 Ice Magic
 + Level 0.1 Evocations


You had 3 spell levels left.
You knew the following spells:

 Your Spells              Type           Power        Failure   Level
a - Freeze                Ice            80%          1%          1
b - Frozen Ramparts       Ice            40%          5%          3
c - Ozocubu's Armour      Ice            20%          5%          3

Your spell library contained the following spells:

 Spells                   Type           Power        Failure   Level
 Hailstorm                Conj/Ice       11%          50%         4
 Summon Ice Beast         Ice/Summ       11%          50%         4


Dungeon Overview and Level Annotations

Branches:
Dungeon (4/15)
 Temple: D:4-7

Altars:
Elyvilon
Okawaru
Ru


Message History

The orc wizard casts a spell at itself.
The orc wizard flickers and vanishes!
Deactivating autopickup; reactivate with Ctrl-A.
Unknown command.
You are confused.
You bump into the rock wall.
Your surroundings suddenly seem different.
You are more confused.
Okay, then.
You bump into the rock wall.
Unknown command.
Unknown command.
You bump into the rock wall.
You bump into the rock wall.
A magic dart appears from out of thin air!
The magic dart hits you!
* * * LOW HITPOINT WARNING * * *
The orc priest looks satisfied for a moment.
The orc priest hits you with a +0 morningstar!
You die...

.........................
........##.....#........
##........#....#........
##..#.....#..#.........
#..##....###........
##.##...###.(.....#
#..#..#.(#......#
##.#.#....#.....#
#.#.#.....##@..#
##........)oo.##
#.#####....^.# ###
########


You could see 2 orc priests.

Vanquished Creatures
  3 adders
  2 oozes (D:1)
  3 worms
  3 dart slugs
  6 orcs
  A ball python (D:3)
  2 giant cockroaches (D:1)
  11 goblins
  7 hobgoblins
  6 jackals
  8 kobolds
  4 quokkas (D:3)
  11 bats
  4 frilled lizards
  A quokka skeleton (D:4)
  11 rats
83 creatures vanquished.

Notes
Turn   | Place    | Note
-------+----------+-------------------------------------------
     0 | D:1      | KamiKatze the Merfolk Ice Elementalist began the quest for
                  | the Orb.
     0 | D:1      | Reached XP level 1. HP: 13/13 MP: 3/3
    82 | D:1      | Reached XP level 2. HP: 19/19 MP: 3/5
   326 | D:1      | Reached XP level 3. HP: 24/24 MP: 3/6
   341 | D:1      | Learned a level 3 spell: Frozen Ramparts
   555 | D:1      | Learned a level 3 spell: Ozocubu's Armour
  1366 | D:2      | Reached skill level 5 in Ice Magic
  1569 | D:2      | Reached XP level 4. HP: 27/30 MP: 5/8
  2983 | D:3      | Reached XP level 5. HP: 35/35 MP: 5/9
  3039 | D:3      | Found a white marble altar of Elyvilon.
  3438 | D:3      | Found an iron altar of Okawaru.
  3696 | D:4      | Found a sacrificial altar of Ru.
  3893 | D:4      | Slain by an orc priest

Illustrated notes

Levels and vault maps discovered:
D:1:      onia_arrival_handbag, layout_loops_ring
D:2:      layout_basic
D:3:      kennysheep_big_flooded_room, layout_loops_ring, elyvilon_altar_1,
          okawaru_trees_1
D:4:      layout_layer_cave, nicolae_ru_sacrificial_ziggurat,
          hellmonk_ghost_happy_afterlife, minmay_misc_feat_chi, uniq_grinder

Skill      XL: |  1  2  3  4 |
---------------+-------------+-----
Dodging        | 3 |  3.0
Ice Magic      | 5 |  5.6
Stealth        | 3 |  3.0
Spellcasting   | 3 |  3.4
Evocations     | |  0.1

Action                   |  1- 3 |  4- 6 || total
-------------------------+-------+-------++-------
Melee: Whip              |    72 |    36 ||   108
 Cast: Freeze            |    45 |    38 ||    83
       Frozen Ramparts   |       |     9 ||     9
  Use: Scroll            |       |     3 ||     3
 Stab: Sleeping          |     3 |     7 ||    10
Armor: Robe              |    17 |    19 ||    36
Dodge: Dodged            |    66 |    64 ||   130
